 Dungeon Crawl Stone Soup version 0.21.1-1-g345015f (webtiles) character file.

1610 snakesoul the Cleaver (level 8, -1/67 HPs)
             Began as a Demonspawn Fighter on June 24, 2018.
             Was an Initiate of Yredelemnul.
             Slain by a two-headed ogre
             ... wielding a +0 giant club
              (21 damage)
             ... on level 5 of the Dungeon.
             The game lasted 00:11:35 (5201 turns).

snakesoul the Cleaver (Demonspawn Fighter)          Turns: 5201, Time: 00:11:36

Health: -1/67      AC:  8    Str: 13 (16) XL:     8   Next: 63%
Magic:  8/8        EV: 10    Int:  9 (10) God:    Yredelemnul [......]
Gold:   344        SH:  0    Dex: 20      Spells: 7/7 levels left

rFire    + . .     SeeInvis .   a - +0 war axe
rCold    . . .     Gourm    .   (no shield)
rNeg     . . .     Faith    .   c - +0 chain mail
rPois    +         Spirit   .   (helmet restricted)
rElec    .         Reflect  .   (no cloak)
rCorr    .         Harm     .   (no gloves)
MR       .....                  (no boots)
Stlth    ..........             (no amulet)
HPRegen  0.21/turn              h - ring of protection from fire
MPRegen  0.11/turn              s - ring of wizardry

@: agile
A: horns 2, thin skeletal structure 1, demonic guardian 1, poison resistance,
spiny 1, weak 1
a: Renounce Religion


You were on level 5 of the Dungeon.
You worshipped Yredelemnul.
Yredelemnul was noncommittal.
You were hungry.

You visited 2 branches of the dungeon, and saw 7 of its levels.

You collected 344 gold pieces.

Inventory:

Hand Weapons
 a - a +0 war axe (weapon)
Armour
 c - a +0 chain mail (worn)
Jewellery
 h - a ring of protection from fire (left hand)
 l - an uncursed ring of poison resistance
 s - a ring of wizardry (right hand)
Wands
 r - a wand of iceblast (16)
Scrolls
 b - 2 scrolls of random uselessness {unknown}
 e - 2 scrolls of fear {unknown}
 g - 4 scrolls of remove curse {unknown}
 i - a scroll of magic mapping {unknown}
 j - 2 scrolls of enchant weapon {unknown}
 k - a scroll of enchant armour {unknown}
 p - 3 scrolls of identify
 q - 2 scrolls of fog {unknown}
 t - a scroll of noise {unknown}
Potions
 m - 4 potions of curing
 n - 2 potions of lignification
Comestibles
 f - 13 rations


   Skills:
 + Level 7.0 Fighting
 * Level 8.4 Axes
 - Level 2.6 Armour
   Level 2.6 Shields


You had 7 spell levels left.
You didn't know any spells.

Dungeon Overview and Level Annotations

Branches:
Dungeon (6/15)             Temple (1/1) D:5

Altars:
Ashenzari
Dithmenos
Elyvilon
Gozag
Hepliaklqana
Kikubaaqudgha
Ru
Sif Muna
Uskayaw
Yredelemnul
The Shining One


Innate Abilities, Weirdness & Mutations

You have a somewhat thin skeletal structure. (Dex +2, Stealth)
A weak demonic guardian rushes to your aid.
You are partially covered in sharp spines.
You have a pair of horns on your head.
Your system is resistant to poisons. (rPois)
You are weak. (Str -2)


Message History

You start resting.
You feel yourself slow down.
You start resting.
All of the chunks of flesh in your inventory have rotted away.
You are feeling hungry.
It was a potion of agility.
You feel agile all of a sudden.
You climb downwards.
The two-headed ogre is struck by your spines.
The two-headed ogre hits you with a giant club. x2
The two-headed ogre is struck by your spines.
The two-headed ogre hits you with a giant club!!
The two-headed ogre hits you with a giant club!
* * * LOW HITPOINT WARNING * * *
There is a stone staircase leading up, spattered with blood here.
You climb upwards.
Your summoned ally is left behind.
There is a stone staircase leading down here.
The two-headed ogre hits you with a giant club!!
You die...
Your body rises from the dead as a mindless zombie.

#.##########...........⌠.. #
#.###.######.###.#####....
########.........##.# #.# ####.
......<.............# #.# #.
..###.##.#######.#### #.# #. ..#
#.##.# #.# ##.## ##
..###.##.#######.# ##...## #
...............(.####.#.#.## #
.)##...#.#######@..........# #
..#.........# #O####.#.#..######
..##...####.####.####............
..###.## ##.#....>......##.#.####
..# #..###..............##.#.##
..# #...########.####...##....###
..# #....## #.####....#......#
..# ##....# ##.......#.##...#.#
..# #....### #.#####....###.##.#


You could see a two-headed ogre.

Vanquished Creatures
  The ghost of iamserjio the Covert, an amateur GnAs of Cheibriados (D:5)
  Eustachio (D:6)
  Duvessa (D:6)
  The ghost of ObbePulles the Cudgeler, an amateur DrBe of Trog (D:3)
  An ogre (D:4)
  A centaur (D:6)
  A bullfrog (D:6)
  Dowan (D:6)
  A scorpion (D:6)
  A howler monkey (D:5)
  2 crimson imps
  A quasit (D:6)
  A bullfrog zombie (D:6)
  3 orc priests
  A bullfrog skeleton (D:5)
  7 orc wizards (D:4)
  An iguana (D:6)
  A worker ant (D:6)
  A gnoll (D:1)
  5 adders
  An adder skeleton (D:5)
  A dart slug (D:1)
  6 leopard geckos
  12 orcs
  3 giant cockroaches
  5 goblins
  7 hobgoblins
  7 jackals
  12 kobolds
  3 quokkas
  9 bats
  4 frilled lizards
  A leopard gecko skeleton (D:5)
  A leopard gecko zombie (D:5)
  5 rats
110 creatures vanquished.

Vanquished Creatures (collateral kills)
  2 phantoms
  A crimson imp (D:6)
  An orc priest (D:5)
  A hobgoblin (D:3)
5 creatures vanquished.

Vanquished Creatures (others)
  A hobgoblin (D:3)
1 creature vanquished.

Grand Total: 116 creatures vanquished

Notes
Turn   | Place    | Note
-------+----------+-------------------------------------------
     0 | D:1      | snakesoul the Demonspawn Fighter began the quest for the Orb.
     0 | D:1      | Reached XP level 1. HP: 18/18 MP: 1/1
    44 | D:1      | Reached skill level 2 in Axes
   109 | D:1      | Gained mutation: You are partially covered in sharp spines. [demonic ancestry]
   109 | D:1      | Reached XP level 2. HP: 13/24 MP: 2/2
   459 | D:1      | Reached XP level 3. HP: 26/29 MP: 3/3
   560 | D:1      | Reached skill level 3 in Axes
  1019 | D:2      | Found an ancient bone altar of Kikubaaqudgha.
  1022 | D:2      | Found a hide-covered altar of Uskayaw.
  1022 | D:2      | Found a hazy altar of Hepliaklqana.
  1025 | D:2      | Found a deep blue altar of Sif Muna.
  1025 | D:2      | Found a sacrificial altar of Ru.
  1025 | D:2      | Found a shattered altar of Ashenzari.
  1025 | D:2      | Found a shadowy altar of Dithmenos.
  1289 | D:3      | Noticed ObbePulles's ghost (amateur DrBe)
  1298 | D:2      | Gained mutation: A weak demonic guardian rushes to your aid. [demonic ancestry]
  1298 | D:2      | Reached XP level 4. HP: 28/37 MP: 4/4
  1373 | D:3      | Killed ObbePulles's ghost
  1373 | D:3      | Reached skill level 4 in Axes
  1373 | D:3      | Reached XP level 5. HP: 32/42 MP: 5/5
  1444 | D:3      | Found a white marble altar of Elyvilon.
  1624 | D:3      | Gained mutation: You have a pair of small horns on your head. [potion of mutation]
  1624 | D:3      | Gained mutation: You are weak. (Str -2) [potion of mutation]
  1624 | D:3      | Gained mutation: Your system is resistant to poisons. (rPois) [potion of mutation]
  1624 | D:3      | Gained mutation: You have a pair of horns on your head. [potion of mutation]
  1624 | D:3      | HP: 2/42 [poisoned by a kobold]
  2080 | D:4      | Noticed a phantom
  2092 | D:4      | Killed a phantom
  2092 | D:4      | Reached XP level 6. HP: 35/49 MP: 6/6
  2194 | D:4      | Reached skill level 5 in Axes
  2529 | D:4      | Reached skill level 5 in Fighting
  2913 | D:4      | Gained mutation: You have a somewhat thin skeletal structure. (Dex +2, Stealth) [demonic ancestry]
  2913 | D:4      | Reached XP level 7. HP: 56/56 MP: 7/7
  2997 | D:4      | Reached skill level 6 in Axes
  3391 | D:5      | Entered Level 5 of the Dungeon
  3424 | D:5      | Noticed iamserjio's ghost (amateur GnAs)
  3435 | D:5      | Killed iamserjio's ghost
  3438 | D:5      | Reached skill level 7 in Axes
  3740 | D:5      | Found a glowing golden altar of the Shining One.
  3839 | D:5      | Found a white marble altar of Elyvilon.
  3898 | D:5      | Found a staircase to the Ecumenical Temple.
  3904 | D:5      | Reached XP level 8. HP: 57/64 MP: 8/8
  3910 | Temple   | Entered the Ecumenical Temple
  3913 | Temple   | Became a worshipper of Yredelemnul the Dark
  4325 | D:6      | Noticed Duvessa
  4334 | D:6      | Noticed Eustachio
  4336 | D:6      | Killed Duvessa
  4338 | D:6      | Noticed Dowan
  4388 | D:6      | Killed Eustachio
  4537 | D:6      | Killed Dowan
  4717 | D:6      | Reached skill level 8 in Axes
  4923 | D:6      | Noticed a two-headed ogre
  5201 | D:5      | Slain by a two-headed ogre

Skill      XL: |  1  2  3  4  5  6  7  8 |
---------------+-------------------------+-----
Axes           | 2 3 4 5 7 8 |  8.4
Fighting       | 4 5 6 7 |  7.0
Armour         | |  2.6
Shields        | |  2.6

Action                   |  1- 3 |  4- 6 |  7- 9 || total
-------------------------+-------+-------+-------++-------
Melee: War axe           |    71 |    71 |    78 ||   220
       Headbutt          |       |     5 |    11 ||    16
  Use: Potion            |       |     6 |     7 ||    13
       Scroll            |       |       |     2 ||     2
 Stab: Distracted        |       |       |     3 ||     3
  Eat: Chunk             |     1 |     5 |     7 ||    13
Armor: Scale mail        |     9 |       |       ||     9
       Chain mail        |    31 |    48 |    42 ||   121
Dodge: Dodged            |    35 |    25 |    24 ||    84
